 Dungeon Crawl Stone Soup version 0.30-a0-371-gad7725a93e (webtiles) character file.

Game seed: 6601508373662225086

789 NinjaNoafa the Shooter (level 7, -2/57 HPs)
             Began as a Demonspawn Wanderer on Nov 22, 2022.
             Slain by a black bear (4 damage)
             ... on level 5 of the Dungeon.
             The game lasted 00:12:36 (3907 turns).

NinjaNoafa the Shooter (Demonspawn Wanderer)        Turns: 3907, Time: 00:12:36

Health: -2/57      AC: 11    Str: 10    XL:     7   Next: 56%
Magic:  10/10      EV: 12    Int: 12    God:
Gold:   183        SH:  0    Dex: 18    Spells: 10/10 levels left

rFire   . . .      SeeInvis .    s - +0 dagger (venom)
rCold   . . .      Faith    .    (no shield)
rNeg    . . .      Spirit   .    k - +0 leather armour
rPois   .          Reflect  .    l - +1 hat
rElec   .          Harm     .    (no cloak)
rCorr   .          Rampage  +    (no gloves)
Will    .....                    d - +2 pair of boots {rampage}
Stlth   ++........               r - amulet of the acrobat
HPRegen 0.29/turn                u - ring of flight
MPRegen 0.12/turn                v - +4 ring of protection

@: flying
A: horns 2, robust 1
a: no special abilities


You were on level 5 of the Dungeon.
You visited 1 branch of the dungeon, and saw 5 of its levels.
You also visited: Sewer.

You collected 183 gold pieces.

Inventory:

Hand Weapons
 a - a +1 shortbow
 s - a +0 dagger of venom (weapon)
Missiles
 f - 71 stones
 x - 24 poisoned darts (quivered)
Armour
 d - a +2 pair of boots of rampaging (worn)
 k - a +0 leather armour (worn)
 l - a +1 hat (worn)
Jewellery
 r - an amulet of the acrobat (around neck)
 u - a ring of flight (left hand)
 v - a +4 ring of protection (right hand)
Wands
 c - a wand of flame (8)
 i - a wand of light (5)
Scrolls
 g - 2 scrolls of poison
 h - 5 scrolls of identify
 j - 4 scrolls of butterflies
 m - a scroll of blinking {unknown}
 n - a scroll of vulnerability {unknown}
 o - a scroll of fear {unknown}
 p - a scroll of torment {unknown}
 q - 3 scrolls of teleportation
 y - a scroll of brand weapon {unknown}
Potions
 b - 5 potions of curing
 e - a potion of heal wounds {unknown}
 t - a potion of attraction {unknown}
 w - a potion of cancellation
 z - a potion of invisibility
 A - a potion of might
 B - a potion of flight {unknown}


   Skills:
 - Level 3.0 Fighting
 - Level 6.0 Ranged Weapons
 + Level 0.0 Armour
 + Level 1.8 Dodging
 - Level 1.0 Stealth
 - Level 2.0 Spellcasting
 - Level 5.0 Hexes
 - Level 2.0 Fire Magic


You had 10 spell levels left.
You didn't know any spells.
Your spell library contained the following spells:

 Spells                   Type           Power      Damage    Failure   Level
 Inner Flame              Hex/Fire       9%         N/A       26%         3
 Cause Fear               Hex            6%         N/A       43%         4
 Stone Arrow              Conj/Erth      2%         3d7       73%         3
 Animate Armour           Summ/Erth      2%         N/A       98%         4
 Discord                  Hex            6%         N/A       100%        8
 Lehudib's Crystal Spear  Conj/Erth      0%         10d2      100%        8


Dungeon Overview and Level Annotations

Branches:
Dungeon (5/15)              Sewer (visited)
 Temple: D:4-7

Altars:

Annotations:
D:5 Prince Ribbit


Innate Abilities, Weirdness & Mutations

You have a pair of horns on your head.
You are robust. (+10% HP)


Message History

You shoot an arrow. The adder hisses angrily.
The arrow hits the black bear!
The black bear is heavily wounded.
Prince Ribbit blinks!
You shoot an arrow. The arrow closely misses Prince Ribbit.
Prince Ribbit blinks! x2
You shoot an arrow. The arrow closely misses Prince Ribbit.
The black bear bites you but does no damage.
The black bear barely misses you. The black bear misses you.
Prince Ribbit hits you!
You shoot an arrow. The arrow misses Prince Ribbit.
Prince Ribbit hits you! The black bear bites you.
The black bear claws you but does no damage.
The black bear barely misses you.
You are already wielding that!
Your +0 dagger of venom begins to drip with poison!
s - a +0 dagger of venom (weapon)
Prince Ribbit completely misses you.
You hit the black bear.
The black bear is poisoned.
The black bear is heavily wounded.
Prince Ribbit hits you!
The black bear bites you but does no damage.
The black bear closely misses you.
The black bear claws you but does no damage.
A necrophage comes into view.
As you read the scroll labelled JOTU OTERASO, it crumbles to dust.
It is a scroll of identify.
q - 3 scrolls of teleportation Prince Ribbit hits you!
* * * LOW HITPOINT WARNING * * *
The black bear barely misses you. The black bear closely misses you.
The black bear claws you but does no damage.
Prince Ribbit hits you!
* * * LOW HITPOINT WARNING * * *
It was a potion of cancellation.
You feel magically purged. The black bear bites you.
* * * LOW HITPOINT WARNING * * *
The black bear claws you.
You die...

### .... ###....
##.########## .......
.......<....# .......
##.########.#####.......
###..F@hSr......
#.#..####.......
#######...# ...n...
#...##.#.## .......
#.<.##.#.# ###.###
#...###### .#
#####...##### .
#...........# #
#.<...⌠...<.#


You could see Prince Ribbit, a black bear (very poisoned), a necrophage, an
adder and a quokka.

Vanquished Creatures
  Sigmund (D:3)
  4 kobold brigands (Sewer)
  An orc priest (D:3)
  Terence (D:2)
  Jessica (D:3)
  2 orc wizards (D:3)
  8 adders
  A river rat (D:4)
  10 worms
  A dart slug (D:4)
  10 orcs
  5 bats
  8 endoplasms
  2 giant cockroaches (D:2)
  4 goblins
  6 hobgoblins
  5 quokkas
  11 ball pythons
  4 frilled lizards
  17 kobolds
  13 rats
115 creatures vanquished.

Notes
Turn   | Place    | Note
-------+----------+-------------------------------------------
     0 | D:1      | NinjaNoafa the Demonspawn Wanderer began the quest for the
                  | Orb.
     0 | D:1      | NinjaNoafa set off with the following items: a +1 shortbow,
                  | a potion of curing, a potion of mutation, a +0 robe.
     0 | D:1      | Reached XP level 1. HP: 18/18 MP: 2/2
   103 | D:1      | Reached skill level 3 in Ranged Weapons
   136 | D:1      | Found a faded altar of an unknown god.
   169 | D:1      | Gained mutation: You have a pair of small horns on your
                  | head. [demonic ancestry]
   169 | D:1      | Reached XP level 2. HP: 24/24 MP: 3/3
   275 | D:1      | Gained mutation: You are robust. (+10% HP) [potion of
                  | mutation]
   657 | D:2      | Reached XP level 3. HP: 31/31 MP: 4/4
   819 | D:2      | Reached skill level 4 in Ranged Weapons
   968 | D:3      | Noticed Terence
  1020 | D:2      | Killed Terence
  1021 | D:2      | Reached XP level 4. HP: 38/38 MP: 5/5
  1189 | D:3      | Reached skill level 5 in Ranged Weapons
  1191 | D:3      | Reached XP level 5. HP: 21/45 MP: 6/6
  1450 | D:3      | Noticed Sigmund
  1508 | D:3      | Killed Sigmund
  1509 | D:3      | Reached skill level 6 in Ranged Weapons
  1509 | D:3      | Reached skill level 1 in Hexes
  1509 | D:3      | Reached skill level 1 in Fire Magic
  1509 | D:3      | Gained mutation: You have a pair of horns on your head.
                  | [demonic ancestry]
  1509 | D:3      | Reached XP level 6. HP: 40/51 MP: 6/8
  1899 | D:3      | Noticed Jessica
  1904 | D:3      | Killed Jessica
  2789 | D:4      | Found a glowing drain.
  2796 | Sewer    | Entered a sewer
  2839 | Sewer    | Reached XP level 7. HP: 51/57 MP: 10/10
  3482 | Sewer    | Reached skill level 5 in Hexes
  3768 | D:5      | Entered Level 5 of the Dungeon
  3894 | D:5      | Noticed Prince Ribbit
  3907 | D:5      | HP: 2/57 [black bear (2)]
  3907 | D:5      | Slain by a black bear

Illustrated notes

Levels and vault maps discovered:
D:1:      lemuel_arrival_hallway, layout_rooms, basic_ecumenical_altar,
          minmay_misc_feat_rows
D:2:      layout_rooms
D:3:      layout_basic, grunt_ministairs_2, chequers_arboretum, uniq_jessica,
          uniq_terence, uniq_sigmund
D:4:      layout_layer_cave, lightli_sewer_entry_pipes
D:5:      layout_loops_ring, ebering_ghost_inner_flame,
          nicolae_elevator_lobby_plus, uniq_prince_ribbit1

Skill      XL: |  1  2  3  4  5  6  7 |
---------------+----------------------+-----
Ranged Weapons | 3 4 5 6 |  6.0
Hexes          | 1 3 5 |  5.0
Fire Magic     | 1 2 |  2.0
Spellcasting   | 2 |  2.0
Fighting       | |  3.0
Dodging        | |  1.8
Stealth        | |  1.0

Action                   |  1- 3 |  4- 6 |  7- 9 || total
-------------------------+-------+-------+-------++-------
Melee: Short sword       |     2 |       |       ||     2
       Dagger            |     7 |    37 |    82 ||   126
       Punch             |     1 |     1 |     1 ||     3
       Headbutt          |       |     7 |    17 ||    24
 Fire: Shortbow          |    66 |   141 |     6 ||   213
  Use: Potion            |     3 |     4 |     1 ||     8
       Scroll            |       |     2 |     1 ||     3
 Stab: Sleeping          |       |     1 |     3 ||     4
Armor: Robe              |    11 |       |       ||    11
       Skin              |     3 |       |       ||     3
       Leather armour    |     1 |    49 |    20 ||    70
Dodge: Dodged            |    31 |    90 |    53 ||   174

Table legend: (Time is in decaauts)
 A = Elapsed time spent in this place.
 B = Non-inter-level travel time spent in this place.
 C = Inter-level travel time spent in this place.
 D = Time resting spent in this place.
 E = Time spent auto-exploring this place.
 F = Levels seen in this place.
 G = Mean time per level.
                   A        B        C        D        E       F      G
               +--------+--------+--------+--------+--------+-----+--------+
         Total |   3964 |   3735 |    229 |     57 |   2628 |   6 |  660.7 |
       Dungeon |   3248 |   3019 |    229 |     57 |   2123 |   5 |  649.6 |
         Sewer |    715 |    715 |      0 |      0 |    505 |   1 |  715.0 |
               +--------+--------+--------+--------+--------+-----+--------+

Top non-repeatable levels by time:
     D:3: 1227 daAuts
     D:4: 894 daAuts
   Sewer: 715 daAuts
     D:2: 595 daAuts
     D:1: 453 daAuts
     D:5: 77 daAuts
